[Event "Titled Tuesday Blitz March 29 Late 2022"]
[White "Reprintsev, Alexander"]
[Black "Rorrer, Grayson"]
[WhiteFideId "14100541"]
[BlackFideId "30944996"]
[WhiteElo "2108"]
[BlackElo "2122"]
[Result "0-1"]
[Round "07"]
[TimeControl "180+1"]
[Date "2022.03.29"]
[WhiteClock "0:00:04"]
[BlackClock "0:00:06"]

1. e4 e5 2. f4 d5 3. exd5 exf4 4. Nf3 Nf6 5. Bb5+ c6 6. dxc6 bxc6 7. Bc4 Bd6 8. Qe2+ Qe7 9. Qxe7+ Kxe7 10. d4 h6 11. Ne5 Be6 12. Bxe6 Kxe6 13. Bxf4 Nh5 14. Bd2 Bxe5 15. dxe5 Kxe5 16. O-O Nd7 17. Na3 Nhf6 18. Rad1 Ke6 19. Rfe1+ Kf5 20. Nc4 Kg6 21. Re3 Rhe8 22. Rg3+ Kh7 23. Nd6 Rf8 24. Bc3 Nh5 25. Rh3 Nf4 26. Rf3 Ne2+ 27. Kf2 Nxc3 28. Rxc3 Ne5 29. Nc4 Ng4+ 30. Kg3 Nf6 31. Nd6 Rab8 32. b3 Rb6 33. Kf3 Rd8 34. Rcd3 Rd7 35. Nc4 Rxd3+ 36. Rxd3 Rb5 37. Rd6 Rf5+ 38. Ke2 c5 39. Ra6 Ng4 40. h3 Ne5 41. Ne3 Rf4 42. Rxa7 Nc6 43. Rc7 Nd4+ 44. Kd3 Ne6 45. Re7 Rd4+ 46. Kc3 Re4 47. Nc4 Kg6 48. a4 Kf6 49. Rd7 Nd4 50. Rxf7+ Ke6 51. Rf2 g5 52. a5 Nb5+ 53. Kb2 Ke7 54. a6 Re6 55. Rf5 Rxa6 56. Rxc5 Nd4 57. Rc7+ Kf6 58. Rh7 Kg6 59. Rd7 Nf5 60. Ne5+ Kf6 61. Nf3 Ke6 62. Rd3 Kf6 63. Nd4 Ne7 64. Rf3+ Kg6 65. Ne2 Nd5 66. Nc3 Nb4 67. Re3 Kf6 68. Ne4+ Kf5 69. Nd2 Ra2+ 70. Kc3 Nd5+ 71. Kd3 Nxe3 72. Kxe3 Rxc2 73. g4+ Ke6 74. Kd3 Rc1 75. b4 Rh1 76. b5 Kd5 77. b6 Rxh3+ 78. Ke2 Kc6 79. Nc4 Rc3 80. Ne5+ Kxb6 81. Nf7 Rc6 82. Ke3 Rf6 83. Ne5 Kc7 84. Ke4 Kd6 85. Nc4+ Ke6 86. Ne3 Rf4+ 87. Kd3 Ke5 88. Ke2 Ke4 89. Nf5 Rxf5 0-1


[Site "https://www.chess.com"]

[Event "Titled Tuesday Blitz March 29 Late 2022"]
[White "Ricaurte Lopez, Juan Carlos"]
[Black "Terletsky, Oleg"]
[WhiteFideId "3600327"]
[BlackFideId "14116774"]
[WhiteElo "2209"]
[BlackElo "2064"]
[Result "0-1"]
[Round "07"]
[TimeControl "180+1"]
[Date "2022.03.30"]
[WhiteClock "0:00:02"]
[BlackClock "0:00:05"]

1. e4 e5 2. d4 exd4 3. c3 dxc3 4. Nxc3 Nc6 5. Bc4 Nf6 6. Nf3 Bb4 7. e5 Ng4 8. Bxf7+ Kxf7 9. Ng5+ Ke8 10. Qxg4 Bxc3+ 11. bxc3 Nxe5 12. Qe2 Qe7 13. O-O d6 14. Re1 h6 15. f4 hxg5 16. fxe5 d5 17. Qe3 g4 18. a4 Qh4 19. Ba3 Qxh2+ 20. Kf2 Rh5 21. Qc5 Rf5+ 22. Ke3 Qh4 23. Kd2 Be6 24. Rf1 Qg5+ 25. Kd3 Kf7 26. Rae1 Kg6 27. Kc2 c6 28. Qe3 Qxe3 29. Rxe3 Rxf1 0-1


[Site "https://www.chess.com"]

[Event "Titled Tuesday Blitz March 29 Late 2022"]
[White "Rosen, Eric"]
[Black "Sliwicki, Damian"]
[WhiteFideId "2032562"]
[BlackFideId "1127128"]
[WhiteElo "2362"]
[BlackElo "2067"]
[Result "1-0"]
[Round "07"]
[TimeControl "180+1"]
[Date "2022.03.30"]
[WhiteClock "0:00:07"]
[BlackClock "0:00:02"]

1. e4 c5 2. Nc3 e6 3. g3 h5 4. h4 Nf6 5. Bg2 Nc6 6. d3 d5 7. Bg5 Be7 8. Nh3 d4 9. Ne2 Ng4 10. Qd2 f6 11. f3 fxg5 12. fxg4 hxg4 13. Nxg5 Ne5 14. O-O-O Bd7 15. Nf4 Qb6 16. c4 O-O-O 17. Kb1 Kb8 18. Rdf1 Ka8 19. Qc2 Bf6 20. a3 a6 21. Ka2 Ka7 22. Rb1 Qa5 23. b4 cxb4 24. Rxb4 Be7 25. Rb3 Ba4 26. Ngxe6 Bxb3+ 27. Qxb3 Rd6 28. c5 Rc6 29. Rb1 Rb8 30. Nxd4 Rxc5 31. Nd5 Nc6 32. Nxc6+ Rxc6 33. Nxe7 Rb6 34. Qxb6+ Qxb6 35. Rxb6 Kxb6 36. d4 Rd8 37. d5 Kc5 38. Nf5 Re8 39. Kb3 Rf8 40. d6 g6 41. Ne3 Kxd6 42. Nxg4 Re8 43. Kc4 b5+ 44. Kd4 Rc8 45. Bf1 Rc1 46. Bd3 Rg1 47. e5+ Ke7 48. Ne3 Rxg3 49. Nd5+ Kd7 50. Nf4 Rg4 51. Ke3 Rxh4 52. Bxg6 Rh1 53. Bf5+ Ke7 54. Nd5+ Kd8 55. Kd4 Rd1+ 56. Kc5 1-0


[Site "https://www.chess.com"]

[Event "Titled Tuesday Blitz March 29 Late 2022"]
[White "Rozman, Levy"]
[Black "Shimanov, Aleksandr"]
[WhiteFideId "2039877"]
[BlackFideId "4198603"]
[WhiteElo "2376"]
[BlackElo "2636"]
[Result "1-0"]
[Round "07"]
[TimeControl "180+1"]
[Date "2022.03.29"]
[WhiteClock "0:00:10"]
[BlackClock "0:00:02"]

1. d4 d5 2. Bg5 h6 3. Bh4 c6 4. Nc3 Nf6 5. f3 Bf5 6. Bxf6 exf6 7. e4 dxe4 8. fxe4 Bg6 9. Nf3 Bb4 10. Bd3 O-O 11. O-O Re8 12. Qe2 Nd7 13. a3 Ba5 14. Rad1 Nf8 15. Kh1 Ne6 16. Qe3 Qe7 17. b4 Bb6 18. Na4 Bc7 19. c3 Nf4 20. Bb1 Bxe4 21. Rde1 f5 22. Nc5 Nd5 23. Qd2 Bf4 24. Qf2 Nxc3 25. Bxe4 fxe4 26. Nh4 Nd5 27. Rxe4 Qc7 28. Nf5 Rxe4 29. Nxe4 Re8 30. Qf3 Qd7 31. Qg4 f6 32. Nxh6+ Bxh6 33. Qxd7 Rxe4 34. Qc8+ Kf7 35. Qxb7+ Ne7 36. b5 Be3 37. bxc6 Rxd4 38. c7 Rc4 39. Qb3 1-0


[Site "https://www.chess.com"]

[Event "Titled Tuesday Blitz March 29 Late 2022"]
[White "Rudykh, Stepan"]
[Black "Miszler, Levente"]
[WhiteFideId "4180321"]
[BlackFideId "763276"]
[WhiteElo "2208"]
[BlackElo "1966"]
[Result "0-1"]
[Round "07"]
[TimeControl "180+1"]
[Date "2022.03.30"]
[WhiteClock "0:00:03"]
[BlackClock "0:01:30"]

1. e4 e6 2. d4 d5 3. Nd2 f5 4. exf5 exf5 5. Ngf3 Nf6 6. c4 c6 7. Bd3 Bd6 8. O-O O-O 9. c5 Bc7 10. b4 Ne4 11. a4 Nd7 12. b5 Ndf6 13. Qb3 Kh8 14. Ne5 Qe8 15. Ndf3 Ng4 16. h3 Nxe5 17. Nxe5 Bxe5 18. dxe5 Qxe5 19. Bb2 Qe7 20. Bxe4 fxe4 21. Bd4 Be6 22. f3 Qh4 23. fxe4 Qxe4 24. Qe3 Qxe3+ 25. Bxe3 Bf5 26. Bf4 g6 27. Be5+ Kg8 28. g4 Bd3 29. Rxf8+ Rxf8 30. Rd1 Bc2 31. Ra1 Re8 32. Bd6 Re2 33. bxc6 bxc6 34. Rf1 Bxa4 35. Rf8+ Kg7 36. Ra8 d4 37. Rxa7+ Kf6 38. Rxa4 d3 39. Rd4 d2 40. Rxd2 Rxd2 41. Kf1 Ke6 42. Bg3 Ra2 43. Bf2 Kd5 44. Be3 Ke4 45. Bf2 Kf3 0-1


[Site "https://www.chess.com"]

[Event "Titled Tuesday Blitz March 29 Late 2022"]
[White "Sanal, Vahap"]
[Black "Kamsky, Gata"]
[WhiteFideId "6300545"]
[BlackFideId "2000024"]
[WhiteElo "2603"]
[BlackElo "2645"]
[Result "0-1"]
[Round "07"]
[TimeControl "180+1"]
[Date "2022.03.29"]
[WhiteClock "0:00:56"]
[BlackClock "0:00:34"]

1. e4 e5 2. Nf3 Nc6 3. Bb5 Nf6 4. O-O Nxe4 5. Re1 Nd6 6. Nxe5 Be7 7. Bf1 Nf5 8. c3 Nxe5 9. Rxe5 d6 10. Re1 O-O 11. d4 d5 12. Bf4 Bd6 13. Bxd6 Nxd6 14. Nd2 Bf5 15. Nf3 c6 16. Ne5 f6 17. Nd3 Qd7 18. Nc5 Qf7 19. Qf3 b6 20. Qf4 Rad8 21. Nd3 a5 22. h4 h6 23. Re3 g5 24. Qh2 Nc4 25. Rg3 Rfe8 26. Rxg5+ hxg5 27. hxg5 fxg5 28. Qg3 Qg7 29. b3 Nd2 30. Ne5 Ne4 31. Qf3 Rxe5 32. dxe5 Qxe5 33. Re1 Rf8 34. Re3 Qf4 35. Qe2 Bg4 36. f3 Ng3 37. Qe1 Bf5 38. Re7 Nxf1 39. Kxf1 g4 40. Qh4 Bd3+ 41. Kg1 gxf3 42. Qxf4 Rxf4 43. gxf3 Rxf3 44. Re6 c5 45. Rxb6 Be4 46. c4 d4 47. Re6 Rf4 48. Kh2 Kf7 49. Rd6 Ke7 50. Rh6 d3 51. Kg3 Rf3+ 52. Kg4 d2 0-1


[Site "https://www.chess.com"]

[Event "Titled Tuesday Blitz March 29 Late 2022"]
[White "Sanchez Alvares, Kelvin Antonio"]
[Black "Nazaretyan, Tigran"]
[WhiteFideId "3906680"]
[BlackFideId "24162345"]
[WhiteElo "2193"]
[BlackElo "2219"]
[Result "1-0"]
[Round "07"]
[TimeControl "180+1"]
[Date "2022.03.30"]
[WhiteClock "0:00:31"]
[BlackClock "0:00:11"]

1. e4 c5 2. Nf3 Nc6 3. d4 cxd4 4. Nxd4 Nf6 5. Nc3 d6 6. f3 e5 7. Nb3 Be7 8. Be3 O-O 9. Qd2 a5 10. Bb5 Be6 11. Nd5 Bxd5 12. exd5 Na7 13. Be2 a4 14. Na5 Qc7 15. b4 Rfc8 16. c4 b6 17. Nc6 Nxc6 18. dxc6 Qxc6 19. O-O d5 20. Rac1 d4 21. Bf2 a3 22. c5 bxc5 23. b5 Qd6 24. Bc4 Nd5 25. Qe2 Nb6 26. Bg3 Nxc4 27. Rxc4 f6 28. Rb1 Rcb8 29. Qd3 Qd7 30. Qb3 Rb6 31. Rxd4+ Qe6 32. Qxe6+ Rxe6 33. Rd7 c4 34. b6 Bc5+ 35. Bf2 Bxf2+ 36. Kxf2 Rb8 37. b7 c3 38. Rc7 Kf8 39. Rc8+ Re8 40. Rxc3 Ke7 41. Rxa3 Ke6 42. Rab3 Re7 43. a4 Rc7 44. a5 Rc2+ 45. Kg3 Ra2 46. Rb6+ Kf5 47. a6 g5 48. h3 h5 49. Rc1 h4+ 50. Kh2 Kf4 51. Rxf6+ Ke3 52. Rc8 Kf2 53. Rfc6 Rxa6 54. Rc2+ Ke3 55. Rxb8 Rb6 56. Rc7 Kf2 57. Rbc8 Rb1 58. Rc2+ Kf1 59. Rc1+ Kf2 60. Rxb1 g4 61. Rc2+ Ke3 62. fxg4 e4 63. b8=Q Kd3 64. Qb3+ 1-0


[Site "https://www.chess.com"]

[Event "Titled Tuesday Blitz March 29 Late 2022"]
[White "Sarkar, Justin"]
[Black "Szente Varga, Fruzsina"]
[WhiteFideId "2010011"]
[BlackFideId "712264"]
[WhiteElo "2038"]
[BlackElo "1994"]
[Result "1-0"]
[Round "07"]
[TimeControl "180+1"]
[Date "2022.03.30"]
[WhiteClock "0:00:33"]
[BlackClock "0:00:33"]

1. e4 Nf6 2. e5 Nd5 3. c4 Nb6 4. c5 Nd5 5. Bc4 e6 6. Nc3 Nxc3 7. dxc3 Nc6 8. Bf4 Bxc5 9. Qg4 g6 10. Nf3 h5 11. Qg3 d5 12. exd6 Bxd6 13. O-O-O Bxf4+ 14. Qxf4 Qe7 15. Rhe1 Bd7 16. Qxc7 Rc8 17. Qf4 Nb4 18. Kb1 Na6 19. Ne5 Ba4 20. Bxa6 Bxd1 21. Bb5+ Kf8 22. Nxg6+ Kg7 23. Nxe7 1-0


[Site "https://www.chess.com"]

[Event "Titled Tuesday Blitz March 29 Late 2022"]
[White "Smirnov, Pavel"]
[Black "Moral Garcia, Serafin"]
[WhiteFideId "4123425"]
[BlackFideId "2201925"]
[WhiteElo "2545"]
[BlackElo "2228"]
[Result "1/2-1/2"]
[Round "07"]
[TimeControl "180+1"]
[Date "2022.03.29"]
[WhiteClock "0:00:08"]
[BlackClock "0:00:10"]

1. e4 e5 2. Nf3 Nc6 3. Bc4 Bc5 4. c3 Nf6 5. d4 exd4 6. e5 d5 7. Bb5 Ne4 8. cxd4 Bb6 9. Nc3 O-O 10. Be3 f6 11. Bxc6 bxc6 12. exf6 Nxf6 13. Ne5 Qd6 14. O-O Bf5 15. Rc1 Nd7 16. f4 Nxe5 17. fxe5 Qg6 18. Qd2 Ba5 19. a3 Bxc3 20. Rxc3 Rae8 21. Rfc1 Re6 22. Bf4 Be4 23. Rg3 Qf5 24. Rf1 h6 25. Rf2 Rg6 26. h3 Rxg3 27. Bxg3 Qg6 28. Kh2 Rxf2 29. Qxf2 Qf5 30. Qe1 g5 31. Qe2 Kh7 32. Qa6 h5 33. Qxc6 Qf1 34. Qxc7+ Kg6 35. Qd6+ Kh7 36. Qe7+ Kg6 37. Qf6+ Qxf6 38. exf6 Kxf6 39. a4 Bc2 40. Bb8 a5 41. Bc7 Bxa4 42. Bxa5 Kf5 43. Kg3 Ke4 44. Bd8 Kf5 45. Be7 g4 46. hxg4+ hxg4 47. Kf2 Ke4 48. Bc5 Kd3 49. Kg3 Bd7 50. b4 Ke4 51. Kf2 Bb5 52. Kg3 Bd7 53. Kh4 Kf4 54. g3+ Kf3 55. Bd6 Ke4 56. Be5 Kf5 57. Kh5 Ke4 58. Kg5 Kd3 59. Kf6 Kc4 60. Ke7 Bc6 61. Kd6 Bb7 62. Kc7 Ba6 63. Kb6 Bc8 64. Ka5 Bd7 65. Bf6 Bb5 66. Be7 Bd7 67. Bc5 Bb5 68. Kb6 Bd7 69. Kc7 Bf5 70. Kd6 Kb5 71. Kxd5 Bg6 72. Kd6 Kc4 73. Ke6 Be4 74. Ke5 Bf3 75. Kd6 Be4 76. Kc7 Kb5 77. Kd6 Kc4 78. Ke5 Bf3 79. Be7 Bg2 80. Bg5 Bf3 81. d5 Bxd5 82. b5 Bf3 83. b6 Kb5 84. Be3 Kc6 85. Ke6 Kb7 86. Kd6 Be2 87. Kc5 Bf3 88. Kd6 Be2 89. Ke5 Bf3 90. Kf4 Kc6 91. Kf5 Kb7 92. Kf4 1/2-1/2


[Site "https://www.chess.com"]

[Event "Titled Tuesday Blitz March 29 Late 2022"]
[White "Song, Guannan Terry"]
[Black "Dahlgren, James Allen"]
[WhiteFideId "2614189"]
[BlackFideId "22256873"]
[WhiteElo "2115"]
[BlackElo "2126"]
[Result "1-0"]
[Round "07"]
[TimeControl "180+1"]
[Date "2022.03.30"]
[WhiteClock "0:00:59"]
[BlackClock "0:00:17"]

1. e4 e6 2. d4 c5 3. d5 d6 4. Nc3 g6 5. Nf3 Bg7 6. dxe6 Bxe6 7. Bf4 Bxc3+ 8. bxc3 Qa5 9. Qd2 Nc6 10. Be2 O-O-O 11. O-O Ne5 12. Qe3 f6 13. Rab1 a6 14. Rfd1 Ne7 15. h3 N7c6 16. Bg3 Qxa2 17. Rb6 Qxc2 18. Rdb1 Bc4 19. Nd2 Bxe2 20. Qxe2 Rd7 21. Kh2 Qxc3 22. Rxa6 bxa6 23. Qxa6+ Kd8 24. Qa8+ Ke7 25. Qxh8 Qxd2 26. Qxh7+ Ke6 27. Qg8+ Rf7 28. Rb7 Ne7 29. Qe8 Qd3 30. f4 Nc6 31. Qd7# 1-0


[Site "https://www.chess.com"]

[Event "Titled Tuesday Blitz March 29 Late 2022"]
[White "Stanisz, Patryk"]
[Black "Toncheva, Nadya"]
[WhiteFideId "1123106"]
[BlackFideId "2924056"]
[WhiteElo "1876"]
[BlackElo "1884"]
[Result "1-0"]
[Round "07"]
[TimeControl "180+1"]
[Date "2022.03.30"]
[WhiteClock "0:00:48"]
[BlackClock "0:01:20"]

1. d4 Nf6 2. c4 e6 3. Nc3 c5 4. d5 exd5 5. cxd5 d6 6. e4 g6 7. Nge2 Bg7 8. Ng3 h5 9. Be2 h4 10. Nf1 O-O 11. Bg5 h3 12. g3 Na6 13. Ne3 Nc7 14. a4 b6 15. O-O Ba6 16. f4 Qe8 17. Bf3 Bxf1 18. Qxf1 Nd7 19. Qxh3 Bd4 20. Re1 c4 21. Kg2 Nc5 22. Nxc4 Nxa4 23. Nxd6 Qb8 24. Nxa4 Ne8 25. Nxe8 Qxe8 26. e5 Qxa4 27. Bf6 1-0


[Site "https://www.chess.com"]

[Event "Titled Tuesday Blitz March 29 Late 2022"]
[White "Storey, Charles H"]
[Black "Kalavannan, Koby"]
[WhiteFideId "406686"]
[BlackFideId "425753"]
[WhiteElo "2263"]
[BlackElo "1927"]
[Result "0-1"]
[Round "07"]
[TimeControl "180+1"]
[Date "2022.03.30"]
[WhiteClock "0:00:29"]
[BlackClock "0:00:02"]

1. e4 c5 2. Nf3 Nc6 3. Bb5 Nf6 4. Nc3 Qc7 5. O-O Nd4 6. Nxd4 cxd4 7. Nd5 Nxd5 8. exd5 Qc5 9. Ba4 b5 10. Bb3 Bb7 11. Qf3 a5 12. a4 bxa4 13. Rxa4 e5 14. Re1 d6 15. Qg4 h5 16. Qe4 Be7 17. Rc4 Bxd5 18. Ba4+ Kf8 19. Rxc5 Bxe4 20. Rc7 Bf5 21. f4 Bf6 22. b3 Rc8 23. Rxc8+ Bxc8 24. Ba3 Be7 25. fxe5 dxe5 26. Rxe5 Be6 27. Rxa5 Bxa3 28. Ra8+ Ke7 29. Rxh8 Bb4 30. d3 Bg4 31. Bb5 Bd1 32. Bc4 Bd2 33. Rb8 Be3+ 34. Kf1 f5 35. Rb7+ Kf6 36. Rb6+ Kg5 37. Bf7 Bxc2 38. g3 Bxd3+ 39. Kg2 Be4+ 40. Kh3 f4 41. Rb5+ Kf6 42. Bxh5 f3 43. Bxf3 Bxf3 44. g4 d3 45. Rf5+ Kg6 46. Rxf3 d2 47. Rf1 Bd4 48. Rd1 Bc3 49. b4 Bxb4 50. Kg3 Kg5 51. Kf3 Kh4 52. Rb1 Kh3 53. g5 Kxh2 54. Rxb4 d1=Q+ 55. Ke4 Qe1+ 56. Kf5 Qxb4 57. Kg6 Qg4 58. Kxg7 Qxg5+ 59. Kf7 Kg3 60. Ke6 Kf4 61. Kd7 Qf6 62. Kc7 Ke5 63. Kd7 Qe6+ 64. Kc7 Qd6+ 65. Kb7 Kd5 66. Kc8 Qe7 67. Kb8 Kc6 68. Ka8 Qb7# 0-1


[Site "https://www.chess.com"]

[Event "Titled Tuesday Blitz March 29 Late 2022"]
[White "Svane, Rasmus"]
[Black "Gledura, Benjamin"]
[WhiteFideId "4657101"]
[BlackFideId "712779"]
[WhiteElo "2645"]
[BlackElo "2326"]
[Result "0-1"]
[Round "07"]
[TimeControl "180+1"]
[Date "2022.03.29"]
[WhiteClock "0:00:02"]
[BlackClock "0:00:28"]

1. Nf3 g6 2. d4 Bg7 3. e4 c6 4. Bd3 d6 5. O-O Nd7 6. Re1 e5 7. c3 Ngf6 8. h3 O-O 9. Be3 Qc7 10. Nbd2 b6 11. Qc2 Bb7 12. Rad1 Rad8 13. Nf1 Rfe8 14. Ng3 b5 15. Qc1 Nf8 16. Bh6 Ne6 17. Bc2 c5 18. d5 Bxh6 19. Qxh6 Nf4 20. Nf5 gxf5 21. Qxf6 Qe7 22. Qxf5 f6 23. Qg4+ Kh8 24. Nh4 Rg8 25. Qf3 Bc8 26. Kh1 f5 27. Nxf5 Bxf5 28. exf5 Nxg2 29. Rg1 Nf4 30. Rg3 Qf7 31. Rdg1 Qxd5 32. Be4 Qf7 33. Bc6 d5 34. Bxb5 c4 35. Rg5 Rxg5 36. Rxg5 Qf6 37. h4 h6 38. Rg4 Qxf5 39. Ba4 Rf8 40. Qg3 Nd3 41. f3 e4 42. fxe4 Qf1+ 43. Qg1 Qh3+ 44. Qh2 Rf1+ 45. Rg1 Nf2# 0-1


[Site "https://www.chess.com"]

[Event "Titled Tuesday Blitz March 29 Late 2022"]
[White "Sztokbant, Bernardo Vainzoff"]
[Black "Rastbod, Ali"]
[WhiteFideId "2115956"]
[BlackFideId "12567477"]
[WhiteElo "2237"]
[BlackElo "2200"]
[Result "1-0"]
[Round "07"]
[TimeControl "180+1"]
[Date "2022.03.30"]
[WhiteClock "0:00:05"]
[BlackClock "0:00:37"]

1. e4 e6 2. d4 d5 3. Nd2 Nc6 4. Ngf3 Nf6 5. e5 Nd7 6. c4 Be7 7. cxd5 exd5 8. Bd3 O-O 9. O-O Nb4 10. Bb1 c5 11. a3 Nc6 12. dxc5 Nxc5 13. b4 Ne6 14. Nb3 b6 15. Qc2 g6 16. Qxc6 Ba6 17. Rd1 Rc8 18. Qa4 Be2 19. Re1 Bxf3 20. gxf3 Bg5 21. Bd3 Bxc1 22. Raxc1 Qg5+ 23. Kh1 Nf4 24. Bf1 Qh4 25. b5 g5 26. Qd4 Qh5 27. Re3 Rfe8 28. Rc6 Rxc6 29. bxc6 Rc8 30. Qc3 Qg6 31. Nd4 h5 32. c7 Qb1 33. Re1 Qa2 34. Kg1 h4 35. e6 h3 36. e7 1-0


[Site "https://www.chess.com"]

[Event "Titled Tuesday Blitz March 29 Late 2022"]
[White "Taichman, Ori"]
[Black "Papasimakopoulos, Alexandros"]
[WhiteFideId "2804069"]
[BlackFideId "4244125"]
[WhiteElo "2227"]
[BlackElo "2340"]
[Result "1-0"]
[Round "07"]
[TimeControl "180+1"]
[Date "2022.03.29"]
[WhiteClock "0:00:11"]
[BlackClock "0:00:05"]

1. e4 e6 2. d4 d5 3. Nc3 Bb4 4. e5 b6 5. Qg4 Bf8 6. Nh3 Ne7 7. Nf4 Nf5 8. Nh5 c5 9. dxc5 bxc5 10. Bg5 Qb6 11. Bb5+ Bd7 12. Nxd5 Qb7 13. Nhf6+ gxf6 14. Nxf6+ Kd8 15. Nxd7+ Kc8 16. Bf6 Qxb5 17. Nxb8 Nh6 18. Qf3 Rxb8 19. Bxh8 Nf5 20. Qd3 c4 21. Qe4 c3 22. bxc3 Bc5 23. Qd3 Qc6 24. O-O Kc7 25. Bf6 Rg8 26. Qh3 h5 27. Kh1 h4 28. f3 Ne3 29. Rg1 Nxc2 30. Qxh4 Nxa1 31. Rxa1 Qd7 32. Qh7 Rb8 33. Qe4 Rb2 34. Qc4 Kb6 35. h4 Qd2 36. Qf1 Qc2 37. a4 a6 38. a5+ Kb7 39. h5 Be3 40. h6 Bxh6 41. f4 Qd2 42. Qf3+ Kc7 43. Rd1 Qxf4 44. Bd8+ Kc8 45. Qxf4 Bxf4 46. Bf6 Ra2 47. g4 Rxa5 48. Rd8+ Kc7 49. Rf8 Bxe5 50. Bd8+ Kd7 51. Bxa5 Ke7 52. Bb4+ Kf6 53. g5+ Kg7 54. Ra8 Kg6 55. Rxa6 Kxg5 56. Kg2 f5 57. Kf3 Kf6 58. c4 Bd4 59. c5 Ke5 60. c6 Bb6 61. Rxb6 1-0


[Site "https://www.chess.com"]

[Event "Titled Tuesday Blitz March 29 Late 2022"]
[White "Tanenbaum, Zachary"]
[Black "Omariev, Maksim"]
[WhiteFideId "2060850"]
[BlackFideId "4193423"]
[WhiteElo "2168"]
[BlackElo "2518"]
[Result "1-0"]
[Round "07"]
[TimeControl "180+1"]
[Date "2022.03.30"]
[WhiteClock "0:01:26"]
[BlackClock "0:00:06"]

1. e4 c5 2. Nf3 d6 3. d4 cxd4 4. Nxd4 Nf6 5. Nc3 a6 6. Be3 Ng4 7. Bc1 Nf6 8. f3 e6 9. Be3 b5 10. Qd2 Nbd7 11. O-O-O b4 12. Nce2 d5 13. g4 dxe4 14. g5 Nd5 15. h4 Bb7 16. fxe4 Nxe3 17. Qxe3 Qb6 18. Qg3 Bd6 19. Qh3 Bxe4 20. Bg2 Bxg2 21. Qxg2 Rc8 22. h5 O-O 23. g6 fxg6 24. hxg6 h6 25. Qh3 Be5 26. Nxe6 Rf2 27. Qb3 Kh8 28. Rxd7 Rxe2 29. Rxh6+ gxh6 30. Rh7+ Kg8 31. Nc5+ 1-0


[Site "https://www.chess.com"]

[Event "Titled Tuesday Blitz March 29 Late 2022"]
[White "Tarigan, Gilbert Elroy"]
[Black "Adewumi, Tanitoluwa"]
[WhiteFideId "7108133"]
[BlackFideId "30966396"]
[WhiteElo "1908"]
[BlackElo "2576"]
[Result "1-0"]
[Round "07"]
[TimeControl "180+1"]
[Date "2022.03.29"]
[WhiteClock "0:00:09"]
[BlackClock "0:00:07"]

1. e4 c5 2. Nf3 d6 3. Nc3 Nf6 4. d4 cxd4 5. Nxd4 a6 6. a3 e5 7. Nf5 Bxf5 8. exf5 d5 9. Bg5 d4 10. Bxf6 Qxf6 11. Nd5 Qc6 12. Qf3 Nd7 13. Bd3 Nc5 14. Bc4 Rd8 15. O-O Be7 16. Rfe1 Bf6 17. b4 Na4 18. Bb3 Nc3 19. Nxc3 Qxf3 20. gxf3 dxc3 21. f4 e4 22. Rxe4+ Kf8 23. Rc4 Rd4 24. Rc7 h5 25. Rxf7+ Ke8 26. Re1+ Kd8 27. Rxb7 Kc8 28. Ra7 Kb8 29. Rxa6 Rhd8 30. b5 Rxf4 31. b6 Rg4+ 32. Kf1 Rd2 33. Bd5 Rxd5 34. Ra7 Rd8 35. Rf7 Rf4 36. a4 Rd2 37. Re8+ Rd8 38. Re6 Rd1+ 39. Kg2 Rd2 40. Re8+ Rd8 41. Re2 Rd2 42. Re8+ Bd8 43. Kg3 Rfxf2 44. Rxd8+ Rxd8 45. Kxf2 Rd2+ 46. Ke3 Rxc2 47. Kd3 Rb2 48. a5 c2 49. Kd2 Rb5 50. Rxg7 Rc5 51. Kc1 Rxa5 52. Rg5 Ra1+ 53. Kxc2 Rf1 54. Rxh5 Kb7 55. Kd3 Kxb6 56. Ke2 Rf4 57. Ke3 Rf1 58. Ke4 Kc6 59. Ke5 Kd7 60. Rh7+ Ke8 61. Kf6 Kf8 62. Rh8# 1-0


[Site "https://www.chess.com"]

[Event "Titled Tuesday Blitz March 29 Late 2022"]
[White "Terrieux, Kevin"]
[Black "Srinath, Rao S.V."]
[WhiteFideId "622591"]
[BlackFideId "5028876"]
[WhiteElo "2482"]
[BlackElo "2181"]
[Result "1-0"]
[Round "07"]
[TimeControl "180+1"]
[Date "2022.03.30"]
[WhiteClock "0:00:06"]
[BlackClock "0:00:09"]

1. d4 Nf6 2. f3 g6 3. e4 d6 4. Nc3 Bg7 5. Be3 O-O 6. Qd2 Re8 7. O-O-O c6 8. Bh6 b5 9. h4 Qa5 10. h5 b4 11. Nb1 Nbd7 12. hxg6 fxg6 13. Bxg7 Kxg7 14. Qh6+ Kg8 15. Bc4+ e6 16. Ne2 Ba6 17. Bxa6 Qxa6 18. Nf4 Kf7 19. e5 dxe5 20. dxe5 Nxe5 21. Rhe1 Qb5 22. g4 g5 23. Nh5 Nxh5 24. Qxh5+ Kf6 25. Qxh7 Rh8 26. Qe4 Rh2 27. f4 Nf7 28. Qxe6+ Kg7 29. Rd7 Rf8 30. fxg5 Qxg5+ 31. Nd2 1-0


[Site "https://www.chess.com"]

[Event "Titled Tuesday Blitz March 29 Late 2022"]
[White "Van Foreest, Jorden"]
[Black "Andreikin, Dmitry"]
[WhiteFideId "1039784"]
[BlackFideId "4158814"]
[WhiteElo "2609"]
[BlackElo "2736"]
[Result "0-1"]
[Round "07"]
[TimeControl "180+1"]
[Date "2022.03.29"]
[WhiteClock "0:00:02"]
[BlackClock "0:00:14"]

1. e4 c5 2. Nf3 e6 3. c3 Nf6 4. e5 Nd5 5. d4 cxd4 6. cxd4 d6 7. Bc4 Nc6 8. O-O dxe5 9. dxe5 Nb6 10. Qxd8+ Nxd8 11. Bb3 Bd7 12. Nc3 Be7 13. Rd1 O-O 14. Be3 Be8 15. Rac1 Nc6 16. Ne4 Na5 17. Bc5 Nxb3 18. axb3 Bxc5 19. Nxc5 Bc6 20. Nd4 Bd5 21. Nb5 Rfc8 22. b4 Nc4 23. Nd6 Nxd6 24. exd6 Rd8 25. f3 Rxd6 26. Nxb7 Rb6 27. Na5 g6 28. Rd4 Rab8 29. Rc7 Rxb4 30. Rxb4 Rxb4 31. Rxa7 Rxb2 32. Rc7 Kg7 33. Nc4 Rc2 34. Nd6 Rxc7 35. Ne8+ Kf8 36. Nxc7 Bc4 37. Kf2 Ke7 38. Na8 Kd6 39. Nb6 Bb5 40. Nc8+ Kd7 41. Na7 Ba6 42. Ke3 Kc7 43. Kd4 Kb6 44. Ke5 Kxa7 45. Kf6 Bf1 46. g3 Bg2 47. Kxf7 e5 48. Kf6 Bxf3 49. Kxe5 h5 50. Kf6 Be4 51. g4 hxg4 52. Ke5 Bf5 0-1


[Site "https://www.chess.com"]

[Event "Titled Tuesday Blitz March 29 Late 2022"]
[White "Van den Dikkenberg, Erik"]
[Black "Cagara, Paulina"]
[WhiteFideId "1005880"]
[BlackFideId "1124870"]
[WhiteElo "2118"]
[BlackElo "1780"]
[Result "1-0"]
[Round "07"]
[TimeControl "180+1"]
[Date "2022.03.30"]
[WhiteClock "0:01:02"]
[BlackClock "0:00:22"]

1. e4 c6 2. d4 d5 3. exd5 cxd5 4. Bd3 Nc6 5. c3 g6 6. Bf4 Nh6 7. Nf3 Bf5 8. Bb5 a6 9. Bxc6+ bxc6 10. O-O Bg7 11. h3 O-O 12. Qd2 Bxb1 13. Bxh6 Be4 14. Bxg7 Kxg7 15. Ne5 Qc7 16. f3 Bf5 17. Rae1 Rab8 18. Re2 c5 19. Rfe1 cxd4 20. Qxd4 e6 21. Nd7+ Kh6 22. Nxf8 Rxf8 23. Qe5 Qb6+ 24. Kh2 Bd3 25. Rd2 Bb5 26. Rd4 g5 27. h4 Rg8 28. Qf6+ Rg6 29. hxg5+ Kh5 30. Qxf7 Qd6+ 31. g3 e5 32. Qxh7+ Kxg5 33. Rg4+ Kf5 34. Qh5+ 1-0


[Site "https://www.chess.com"]

[Event "Titled Tuesday Blitz March 29 Late 2022"]
[White "Vasquez Schroeder, Rodrigo"]
[Black "Rustemov, Alexander"]
[WhiteFideId "3400042"]
[BlackFideId "4119002"]
[WhiteElo "2561"]
[BlackElo "2778"]
[Result "1-0"]
[Round "07"]
[TimeControl "180+1"]
[Date "2022.03.29"]
[WhiteClock "0:00:20"]
[BlackClock "0:00:01"]

1. e4 e6 2. Qe2 c5 3. Nf3 Nc6 4. g3 g6 5. Bg2 Bg7 6. O-O Nge7 7. c3 d6 8. Rd1 e5 9. Na3 O-O 10. Nc2 Bg4 11. h3 Bxf3 12. Bxf3 Qd7 13. Bg2 f5 14. d3 Rf7 15. exf5 gxf5 16. f4 Kh8 17. Rf1 Ng6 18. Ne3 Re8 19. Qh5 exf4 20. gxf4 Nd4 21. Bd2 Ne6 22. Nd5 Nc7 23. Rae1 Nxd5 24. Bxd5 Rfe7 25. Qf3 Rxe1 26. Bxe1 Re7 27. Bg3 b6 28. Re1 Rxe1+ 29. Bxe1 Bh6 30. Bg3 Qe7 31. Kf2 Bg7 32. Bc4 Bf6 33. Qd5 Kg7 34. Qxf5 Bh4 35. Qg4 Bxg3+ 36. Qxg3 Qf6 37. Ke3 Kh6 38. Bd5 Ne7 39. Qf3 Nf5+ 40. Kd2 Qh4 41. Be6 Ng7 42. Bg4 Qf6 43. Qe3 Kg6 44. Qe4+ Kf7 45. Ke3 h5 46. Bc8 Qh4 47. Kf3 Qd8 48. Bb7 Qf6 49. Bd5+ Kf8 50. Qh7 h4 51. a4 Ke7 52. Be4 Kf8 53. Kg4 Ne6 54. Qf5 Ke7 55. Qxf6+ Kxf6 56. Bd5 Nc7 57. Bb3 d5 58. Kxh4 d4 59. cxd4 cxd4 60. Kg4 Na6 61. Bc4 Nc5 62. b3 a6 63. h4 b5 64. axb5 axb5 65. Bxb5 Nxb3 66. h5 Nc5 67. Bc4 Nb7 68. Bd5 Nd6 69. Be4 Ne8 70. h6 Nd6 71. Kf3 Nf7 72. h7 Kg7 73. Kg4 Nd6 74. Bg6 Nb7 75. f5 Nd6 76. Kg5 Kh8 77. Kf4 Nc8 78. Ke5 Ne7 79. Kxd4 Kg7 80. f6+ 1-0


[Site "https://www.chess.com"]